[Event "Titled Tuesday Blitz February 15 Late 2022"]
[White "Kravtsiv, Martyn"]
[Black "Nepomniachtchi, Ian"]
[WhiteFideId "14113147"]
[BlackFideId "4168119"]
[WhiteElo "2694"]
[BlackElo "2740"]
[Result "0-1"]
[Round "05"]
[TimeControl "180+1"]
[Date "2022.02.15"]
[WhiteClock "0:00:02"]
[BlackClock "0:00:31"]

1. e4 e6 2. d4 d5 3. Nc3 Bb4 4. e5 Ne7 5. Bd2 c5 6. Nb5 Bxd2+ 7. Qxd2 O-O 8. f4 b6 9. Nf3 Nbc6 10. c3 Ba6 11. Nd6 Bxf1 12. Rxf1 b5 13. dxc5 Qb8 14. Kf2 a5 15. Kg1 b4 16. Rac1 Qa7 17. Qf2 bxc3 18. Rxc3 Rab8 19. g3 h6 20. Rfc1 a4 21. Ne1 d4 22. Rc4 Nd5 23. Nd3 Ne3 24. Rxd4 Nxd4 25. Qxe3 Nf5 26. Qe4 Ne7 27. h4 Qa5 28. Rc2 Nd5 29. Kh2 Nb4 30. Nxb4 Rxb4 31. Qg2 Rfb8 32. h5 Rd4 33. c6 Qc7 34. Qe2 Rdb4 35. a3 R4b6 36. Qg2 Ra6 37. Kh3 Rab6 38. Kh2 Rb3 39. Kh3 Rd3 40. Qe2 Rbb3 41. Qf2 Rb8 42. Kh2 Rdb3 43. Kh3 f6 44. Qd4 fxe5 45. Qxe5 Kh8 46. Qxe6 Rf8 47. Qe5 Rb6 48. Ne4 Qc8+ 49. Kh2 Rxc6 50. Rxc6 Qxc6 51. Nc3 Rd8 52. Kh3 Qc8+ 53. Kh4 Rd2 54. Ne2 Qd7 55. g4 Qd8+ 56. Kg3 Rd7 57. f5 Re7 58. Qb5 Qd6+ 59. Kf3 Qh2 60. Ng3 Qd2 61. Qc5 Re8 62. f6 gxf6 63. Qc6 Re3+ 64. Kf4 Rc3+ 0-1


[Site "https://www.chess.com"]

[Event "Titled Tuesday Blitz February 15 Late 2022"]
[White "Krstulovic, Alex"]
[Black "Bortnyk, Olexandr"]
[WhiteFideId "760056"]
[BlackFideId "14120828"]
[WhiteElo "2193"]
[BlackElo "2723"]
[Result "0-1"]
[Round "05"]
[TimeControl "180+1"]
[Date "2022.02.16"]
[WhiteClock "0:00:04"]
[BlackClock "0:02:20"]

1. e4 Nf6 2. e5 Nd5 3. d4 d6 4. c4 Nb6 5. exd6 exd6 6. Nc3 Be7 7. Bd3 O-O 8. Nge2 c6 9. Qc2 g6 10. Bh6 Re8 11. h4 Na6 12. a3 Bxh4 13. O-O-O Nc7 14. Nf4 Bg5 15. g3 Bg4 16. Rdf1 Bf3 17. Rh2 Ne6 18. Kb1 Bxh6 19. Nxe6 Rxe6 20. Rxh6 Qf6 21. d5 cxd5 22. cxd5 Nxd5 23. Nxd5 Bxd5 24. f3 Qxf3 25. Rfh1 Qxg3 26. Rxh7 Re1+ 0-1


[Site "https://www.chess.com"]

[Event "Titled Tuesday Blitz February 15 Late 2022"]
[White "Kujawski, Adam"]
[Black "Yang, Kaiqi"]
[WhiteFideId "1100920"]
[BlackFideId "8604398"]
[WhiteElo "2053"]
[BlackElo "2373"]
[Result "1-0"]
[Round "05"]
[TimeControl "180+1"]
[Date "2022.02.16"]
[WhiteClock "0:00:09"]
[BlackClock "0:00:07"]

1. e4 c5 2. Nf3 Nf6 3. e5 Nd5 4. Nc3 Nxc3 5. dxc3 Nc6 6. Bd3 e6 7. Qe2 d5 8. exd6 Bxd6 9. Bg5 Qc7 10. O-O-O Bf4+ 11. Kb1 Bd7 12. Rhe1 Bxg5 13. Nxg5 Qf4 14. Ne4 O-O 15. Nxc5 Be8 16. Qe4 Qxe4 17. Bxe4 b6 18. Nd7 Bxd7 19. Rxd7 Rac8 20. Red1 a5 21. Bxc6 Rxc6 22. R1d6 Rxd6 23. Rxd6 Rb8 24. a4 Kf8 25. Rd7 Ke8 26. Rc7 h5 27. h4 g6 28. g3 Rd8 29. Rc6 Rb8 30. Rc7 Rd8 31. Kc1 Rd6 32. b3 Kf8 33. c4 Kg7 34. c5 bxc5 35. Rxc5 Ra6 36. Kd2 Kf6 37. Ke3 e5 38. c4 Ke6 39. Rb5 f5 40. f4 e4 41. Re5+ Kf6 42. Rb5 Ke6 43. Re5+ Kf6 44. Kd4 Rd6+ 45. Rd5 Rb6 46. Kc3 Ra6 47. c5 Ra8 48. Kc4 Rb8 49. c6 Rb6 50. Rc5 Rb8 51. c7 Rc8 52. Kd4 Ke6 53. Rc6+ Kd7 54. Rxg6 Rxc7 55. Rg7+ Kc6 56. Rg6+ Kb7 57. Rg5 Rc6 58. Rxf5 Re6 59. Ke3 Rg6 60. Rg5 Rb6 61. Kxe4 Rxb3 62. f5 Rb4+ 63. Ke5 Rxa4 64. f6 Ra1 65. Rf5 Re1+ 66. Kd6 Re8 67. Kd7 Rh8 68. Ke7 a4 69. f7 Kb6 70. Rf2 a3 71. f8=Q Rxf8 72. Kxf8 Kc5 73. Kg7 Kc4 74. Kg6 Kb3 75. Kxh5 a2 76. Rxa2 Kxa2 77. g4 1-0


[Site "https://www.chess.com"]

[Event "Titled Tuesday Blitz February 15 Late 2022"]
[White "Ladan, Nicholas"]
[Black "Mogranzini, Roberto"]
[WhiteFideId "30918855"]
[BlackFideId "810894"]
[WhiteElo "2332"]
[BlackElo "2469"]
[Result "1-0"]
[Round "05"]
[TimeControl "180+1"]
[Date "2022.02.16"]
[WhiteClock "0:00:07"]
[BlackClock "0:00:10"]

1. d4 Nf6 2. c4 d6 3. Nc3 e5 4. e3 Nbd7 5. g3 g6 6. Bg2 Bg7 7. Nge2 O-O 8. O-O Re8 9. h3 h5 10. b3 e4 11. Bb2 Nf8 12. b4 N8h7 13. a4 Ng5 14. Nf4 Bf5 15. a5 Qd7 16. Kh2 c6 17. a6 b6 18. b5 cxb5 19. Nxb5 Rac8 20. Qb3 h4 21. gxh4 Nf3+ 22. Bxf3 exf3 23. Rg1 Ne4 24. Raf1 Bh6 25. Nd5 Qd8 26. Rg3 Qxh4 27. Rxf3 Nd2 28. Qd1 Nxf1+ 29. Qxf1 Be4 30. Nf6+ Kf8 31. Nxe4 Qxe4 32. Rg3 Qe6 33. d5 Qd7 34. Qd3 Bg7 35. Bxg7+ Kxg7 36. Nd4 Re5 37. Nc6 Rce8 38. Nxe5 Rxe5 39. Qd4 Kg8 40. Rg4 Rh5 41. Qf4 Qe8 42. Qf6 Qd7 43. Rh4 Rxh4 44. Qxh4 Qf5 45. Qf4 Qc2 46. Qxd6 Qxf2+ 47. Kh1 Qf1+ 48. Kh2 Qf2+ 49. Kh1 Qe1+ 50. Kg2 Qe2+ 51. Kg3 Qxc4 52. Qe5 Qf1 53. d6 Qg1+ 54. Kf3 Qh1+ 55. Kf4 Qc6 56. Qe7 Qc4+ 57. e4 Qf1+ 58. Ke5 Qa1+ 59. Kd5 Qxa6 60. d7 Qd3+ 61. Kc6 Qc4+ 62. Kb7 Qxe4+ 63. Qxe4 1-0


[Site "https://www.chess.com"]

[Event "Titled Tuesday Blitz February 15 Late 2022"]
[White "Lenderman, Aleksandr"]
[Black "Michelakos, Panagiotis"]
[WhiteFideId "2021285"]
[BlackFideId "4216067"]
[WhiteElo "2651"]
[BlackElo "2140"]
[Result "1-0"]
[Round "05"]
[TimeControl "180+1"]
[Date "2022.02.15"]
[WhiteClock "0:00:03"]
[BlackClock "0:00:02"]

1. Nf3 c5 2. d4 cxd4 3. c3 dxc3 4. Nxc3 Nc6 5. e4 d6 6. Bc4 a6 7. e5 e6 8. exd6 Bxd6 9. O-O Nf6 10. Qe2 O-O 11. Bg5 h6 12. Bh4 Be7 13. Rad1 Qb6 14. Bd3 Rd8 15. Ne4 Nd5 16. Bg3 Bd7 17. Ne5 Nxe5 18. Bxe5 Be8 19. Qf3 f6 20. Bg3 Qxb2 21. Rb1 Qd4 22. Rfd1 f5 23. Rxb7 fxe4 24. Bxe4 Qf6 25. Qb3 Nc3 26. Rxd8 Rxd8 27. Bf3 Nb5 28. Qb1 Bg6 29. Qe1 Bb4 30. Qf1 Bd3 31. Qc1 Bd6 32. Bxd6 Nxd6 33. Rb3 Bg6 34. h3 Nb5 35. Re3 Rf8 36. Qe1 Nd4 37. Bd1 Kh7 38. Qd2 e5 39. a3 Nf5 40. Rc3 Nd4 41. Re3 Qg5 42. Qe1 Nc6 43. Rg3 Qf4 44. Re3 Nd4 45. Rxe5 a5 46. Re3 Rf6 47. Bg4 Qd6 48. Qd1 Nf5 49. Qxd6 Rxd6 50. Re5 Nd4 51. Rxa5 Nb3 52. Rb5 Nd4 53. Ra5 Rc6 54. h4 Rc1+ 55. Kh2 Nb3 56. Ra7 Nd2 57. h5 Nf1+ 58. Kh3 Bd3 59. Be6 Rc3 60. f3 Bc4 61. Bf5+ Kg8 62. Rc7 1-0


[Site "https://www.chess.com"]

[Event "Titled Tuesday Blitz February 15 Late 2022"]
[White "Levine, David"]
[Black "Okike, David"]
[WhiteFideId "2011611"]
[BlackFideId "8500134"]
[WhiteElo "2158"]
[BlackElo "2232"]
[Result "0-1"]
[Round "05"]
[TimeControl "180+1"]
[Date "2022.02.16"]
[WhiteClock "0:00:59"]
[BlackClock "0:01:48"]

1. d4 Nf6 2. c4 e6 3. g3 Bb4+ 4. Bd2 a5 5. Bg2 O-O 6. Nc3 d5 7. Nf3 dxc4 8. O-O Bxc3 9. bxc3 b5 10. a4 Bd7 11. axb5 Bxb5 12. Ne5 c6 13. Bg5 h6 14. Bxf6 gxf6 15. Ng4 Kg7 16. Qd2 Rh8 17. e4 Nd7 18. f4 h5 19. Ne3 a4 20. d5 cxd5 21. exd5 Nc5 22. Qd4 Nb3 23. Qe4 Nxa1 24. dxe6 fxe6 25. Qxe6 Ra6 26. Nf5+ Kg6 27. Qe4 Kf7 28. Rxa1 Re6 29. Qc2 Qd3 30. Qb2 Qxf5 0-1


[Site "https://www.chess.com"]

[Event "Titled Tuesday Blitz February 15 Late 2022"]
[White "Li, Hui"]
[Black "Gracia Alvarez, Gerardo Antonio"]
[WhiteFideId "15400310"]
[BlackFideId "5109124"]
[WhiteElo "1954"]
[BlackElo "2139"]
[Result "0-1"]
[Round "05"]
[TimeControl "180+1"]
[Date "2022.02.16"]
[WhiteClock "0:00:06"]
[BlackClock "0:00:53"]

1. e4 c5 2. Nf3 Nc6 3. d4 cxd4 4. Nxd4 Nf6 5. Nc3 e5 6. Ndb5 h6 7. Nd6+ Bxd6 8. Qxd6 Qe7 9. Qxe7+ Kxe7 10. Be3 d6 11. Bc4 Be6 12. Bb3 Na5 13. f3 Rhc8 14. O-O Nc4 15. Bxc4 Bxc4 16. Rfd1 a6 17. Rd2 b5 18. Rad1 Rc6 19. a3 Rb8 20. Bf2 a5 21. Ne2 b4 22. axb4 axb4 23. Ng3 Be6 24. Nf1 d5 25. exd5 Nxd5 26. Rxd5 Bxd5 27. Rxd5 Rxc2 28. Rd2 Rbc8 29. g4 Ke6 30. Be3 Rxd2 31. Bxd2 b3 32. Ne3 g6 33. Kf2 f5 34. gxf5+ gxf5 35. Ke2 f4 36. Ng4 Rc2 37. Kd3 Rxb2 38. Nf2 Rc2 39. Ne4 Rc6 40. Bc3 Kf5 41. Nd2 Rd6+ 42. Kc4 Rxd2 0-1


[Site "https://www.chess.com"]

[Event "Titled Tuesday Blitz February 15 Late 2022"]
[White "Loay, Sameer"]
[Black "Ramirez, Alejandro"]
[WhiteFideId "8104239"]
[BlackFideId "6500617"]
[WhiteElo "2040"]
[BlackElo "2694"]
[Result "0-1"]
[Round "05"]
[TimeControl "180+1"]
[Date "2022.02.15"]
[WhiteClock "0:00:04"]
[BlackClock "0:00:06"]

1. Nf3 d5 2. g3 Nf6 3. Bg2 c6 4. O-O Bf5 5. d3 e6 6. Nbd2 h6 7. b3 Nbd7 8. Bb2 a5 9. a4 Bc5 10. e4 Bg6 11. Qe2 O-O 12. Ne5 Bh7 13. Kh1 dxe4 14. dxe4 Nxe5 15. Bxe5 Bd4 16. Bxd4 Qxd4 17. Rad1 Rfd8 18. Nc4 Qc3 19. Nb6 Rab8 20. h3 Qb4 21. Nc4 b5 22. Ne5 Qc5 23. Nd3 Qc3 24. axb5 cxb5 25. Nf4 Rdc8 26. e5 Ne8 27. Rd7 Qxc2 28. Qh5 Qf5 29. Qe2 Rc2 30. Qd1 Qxe5 31. Re1 Qc5 32. Rd8 Qc7 33. Rxb8 Qxb8 34. Qg4 Rxf2 35. Nxe6 Bf5 36. Qd4 Qxg3 37. Nf4 Rxf4 38. Rxe8+ Kh7 39. Qg1 Rf2 40. Re1 g6 41. Rf1 Rxf1 42. Qxf1 Qe5 43. Qd1 b4 44. Bd5 Be6 45. Qd4 Qxd4 0-1


[Site "https://www.chess.com"]

[Event "Titled Tuesday Blitz February 15 Late 2022"]
[White "Maghsoodloo, Parham"]
[Black "Goltsev, Dmitry"]
[WhiteFideId "12539929"]
[BlackFideId "24176710"]
[WhiteElo "2630"]
[BlackElo "2273"]
[Result "1-0"]
[Round "05"]
[TimeControl "180+1"]
[Date "2022.02.16"]
[WhiteClock "0:02:04"]
[BlackClock "0:00:27"]

1. d4 Nf6 2. c4 e6 3. Nc3 Bb4 4. e3 O-O 5. Bd3 b6 6. Nf3 Bb7 7. O-O Bxc3 8. bxc3 Ne4 9. Qc2 f5 10. a4 a5 11. Ne1 Nc6 12. f3 Nf6 13. e4 fxe4 14. fxe4 e5 15. Nf3 d6 16. c5 exd4 17. cxd6 Qxd6 18. Ba3 Qd7 19. e5 Ng4 20. Bxh7+ Kh8 21. Bxf8 Rxf8 22. Nxd4 Nxd4 23. Rxf8# 1-0


[Site "https://www.chess.com"]

[Event "Titled Tuesday Blitz February 15 Late 2022"]
[White "Martinez Alcantara, Jose Eduardo"]
[Black "Tasev, Dejan"]
[WhiteFideId "3805662"]
[BlackFideId "936618"]
[WhiteElo "2690"]
[BlackElo "2253"]
[Result "1-0"]
[Round "05"]
[TimeControl "180+1"]
[Date "2022.02.15"]
[WhiteClock "0:01:31"]
[BlackClock "0:00:18"]

1. e4 c6 2. d4 d5 3. e5 Bf5 4. h4 h6 5. Bd3 Bxd3 6. Qxd3 e6 7. Be3 Ne7 8. Nd2 Nd7 9. Ngf3 h5 10. Bg5 Qb6 11. c4 Nf5 12. O-O Be7 13. Bxe7 Kxe7 14. Qa3+ Ke8 15. c5 Qd8 16. g3 f6 17. Rfe1 Kf7 18. Qd3 fxe5 19. Nxe5+ Nxe5 20. Rxe5 Qf6 21. Rae1 Rhe8 22. Nf3 Kg8 23. Ng5 b6 24. Rxe6 Rxe6 25. Rxe6 Qf8 26. Re5 g6 27. Re6 Ne7 28. Qe2 1-0


[Site "https://www.chess.com"]

[Event "Titled Tuesday Blitz February 15 Late 2022"]
[White "Martirosyan, Haik M."]
[Black "Moskalenko, Alexander"]
[WhiteFideId "13306553"]
[BlackFideId "4155351"]
[WhiteElo "2735"]
[BlackElo "2515"]
[Result "1-0"]
[Round "05"]
[TimeControl "180+1"]
[Date "2022.02.15"]
[WhiteClock "0:00:12"]
[BlackClock "0:00:01"]

1. c4 e6 2. Nc3 d5 3. d4 c6 4. Qd3 Nf6 5. Nf3 dxc4 6. Qxc4 b5 7. Qd3 a6 8. e4 c5 9. dxc5 Qxd3 10. Bxd3 Bxc5 11. e5 Nfd7 12. O-O Bb7 13. Be4 Nc6 14. Bf4 h6 15. Rac1 Rc8 16. h4 Bb6 17. Rfd1 Ke7 18. h5 Rhd8 19. Kf1 Nc5 20. Rxd8 Rxd8 21. Be3 Nxe4 22. Bxb6 Nd2+ 23. Ke2 Nxf3 24. Bxd8+ Kxd8 25. Kxf3 Nxe5+ 26. Kg3 Nd7 27. f3 Nf6 28. Rh1 b4 29. Ne2 e5 30. Kf2 Bd5 31. a3 bxa3 32. bxa3 e4 33. Nc3 Bb7 34. fxe4 Nxe4+ 35. Nxe4 Bxe4 36. Rd1+ Kc7 37. g4 Bc6 38. Ke3 Bd7 39. Kf4 g5+ 40. Kf3 f5 41. gxf5 Bxf5 42. Rc1+ Kd6 43. Rc4 Bd7 44. Rd4+ Ke7 45. Rb4 Bb5 46. Ke4 Ke6 47. a4 Bc6+ 48. Ke3 a5 49. Rb6 Kd7 50. Kd4 g4 51. Kc5 Bxa4 52. Rxh6 Ke7 53. Rg6 Be8 54. Rg7+ Kf6 55. h6 Bg6 56. Kd4 g3 57. Ke3 a4 58. Ra7 1-0


[Site "https://www.chess.com"]

[Event "Titled Tuesday Blitz February 15 Late 2022"]
[White "Mekhitarian, Krikor Sevag"]
[Black "Andreikin, Dmitry"]
[WhiteFideId "2107660"]
[BlackFideId "4158814"]
[WhiteElo "2598"]
[BlackElo "2736"]
[Result "1-0"]
[Round "05"]
[TimeControl "180+1"]
[Date "2022.02.15"]
[WhiteClock "0:00:07"]
[BlackClock "0:00:02"]

1. e4 g6 2. d4 Bg7 3. Nc3 c6 4. f4 Qb6 5. Nf3 Nh6 6. Bd3 d5 7. e5 Bg4 8. h3 Bxf3 9. Qxf3 Qxd4 10. Be3 Qb4 11. O-O-O e6 12. g4 Nd7 13. Kb1 Ng8 14. a3 Qa5 15. h4 h5 16. gxh5 Rxh5 17. Ne2 O-O-O 18. Ng3 Rh8 19. h5 gxh5 20. Nxh5 Bf8 21. Qg3 Ne7 22. f5 Nxf5 23. Bxf5 exf5 24. Qf3 Qb5 25. Rd3 Bc5 26. Rb3 Qc4 27. Rc3 Qe4 28. Qxe4 fxe4 29. Bxc5 Nxe5 30. Bd4 Rde8 31. Rch3 Rh6 32. Ng7 Rxh3 33. Rxh3 Re7 34. Nf5 Re6 35. Ng7 Re7 36. Rh8+ Kd7 37. Nf5 Re6 38. Rh7 Nf3 39. Rxf7+ Ke8 40. Rxb7 Nxd4 41. Nxd4 Rf6 42. Rb3 c5 43. Ne2 d4 44. Rh3 Rf2 45. Nc1 e3 46. Rh1 Kd7 47. Re1 Rf5 48. c3 Kd6 49. Kc2 Kd5 50. cxd4 cxd4 51. Kd3 Rf2 52. Ne2 Rf8 53. Nxd4 Rb8 54. b4 a5 55. b5 Rh8 56. Rxe3 Rh4 57. Re5+ 1-0


[Site "https://www.chess.com"]

[Event "Titled Tuesday Blitz February 15 Late 2022"]
[White "Mikhailovsky, Vladimir"]
[Black "Bon, Michael"]
[WhiteFideId "34105414"]
[BlackFideId "620696"]
[WhiteElo "2371"]
[BlackElo "2465"]
[Result "1-0"]
[Round "05"]
[TimeControl "180+1"]
[Date "2022.02.15"]
[WhiteClock "0:01:29"]
[BlackClock "0:01:25"]

1. c4 e5 2. g3 d5 3. cxd5 Qxd5 4. Nf3 Nf6 5. Nc3 Qd6 6. Bg2 a6 7. O-O Nc6 8. b3 Be7 9. Bb2 O-O 10. Rc1 Bg4 11. Na4 e4 12. Ng5 Qd5 13. Bxf6 gxf6 14. Nxe4 Qh5 15. Rc5 Bxc5 16. Nxf6+ 1-0


[Site "https://www.chess.com"]

[Event "Titled Tuesday Blitz February 15 Late 2022"]
[White "Mikhalsky, Vladimir"]
[Black "Vargas Pereda, Jesus Manue"]
[WhiteFideId "14144352"]
[BlackFideId "5115710"]
[WhiteElo "2248"]
[BlackElo "1767"]
[Result "1-0"]
[Round "05"]
[TimeControl "180+1"]
[Date "2022.02.16"]
[WhiteClock "0:01:13"]
[BlackClock "0:00:01"]

1. e4 c6 2. d4 d5 3. e5 Bf5 4. Nc3 e6 5. g4 Bg6 6. h4 h6 7. Nge2 c5 8. Bg2 Nc6 9. f4 cxd4 10. Nxd4 Bb4 11. a3 Bxc3+ 12. bxc3 Nxd4 13. cxd4 Ne7 14. O-O Qb6 15. Be3 O-O 16. h5 Bh7 17. f5 exf5 18. g5 Rac8 19. gxh6 f4 20. hxg7 Rfd8 21. Rxf4 Rxc2 22. Qf3 Qb2 23. Rf1 Nf5 24. Rxf5 Bxf5 25. Bh3 Rd7 26. Bxf5 1-0


[Site "https://www.chess.com"]

[Event "Titled Tuesday Blitz February 15 Late 2022"]
[White "Miszler, Levente"]
[Black "Moral Garcia, Serafin"]
[WhiteFideId "763276"]
[BlackFideId "2201925"]
[WhiteElo "1966"]
[BlackElo "2228"]
[Result "0-1"]
[Round "05"]
[TimeControl "180+1"]
[Date "2022.02.16"]
[WhiteClock "0:00:06"]
[BlackClock "0:00:22"]

1. Nf3 Nf6 2. c4 g6 3. g3 Bg7 4. Bg2 O-O 5. O-O d5 6. d4 dxc4 7. Qc2 Nc6 8. Qxc4 Be6 9. Qa4 Bd5 10. Nc3 e6 11. Nxd5 Nxd5 12. Bd2 Nb6 13. Qc2 Nxd4 14. Nxd4 Qxd4 15. Bc3 Qc4 16. Bxb7 Rab8 17. Bf3 Na4 18. Rac1 Bxc3 19. b3 Qd4 20. bxa4 Ba5 21. Rfd1 Qe5 22. Qc5 Qxc5 23. Rxc5 Bb6 24. Rb5 a6 25. Rb3 Rfd8 26. Rdb1 Ba7 27. Bb7 a5 28. Bf3 Rxb3 29. axb3 Rd2 30. b4 axb4 31. Rxb4 Ra2 32. Rb7 Bb6 33. Rb8+ Kg7 34. Ra8 Kf6 35. Kf1 Ke5 36. Bc6 h5 37. Bb5 Kf6 38. h4 Kf5 39. Kg2 Kf6 40. Kf3 Ra3+ 41. Bd3 Ke5 42. Kg2 f5 43. Bb5 Kf6 44. Re8 e5 45. Rd8 e4 46. Rf8+ Kg7 47. Re8 Kf7 48. Re5 Rb3 49. Rd5 Ke6 50. Rd8 Kf6 51. Rg8 Ra3 52. Re8 Kf7 53. Rd8 c6 54. Bxc6 Bxd8 55. Bb5 Ke6 56. Bc6 Ke5 57. Bb5 Kd4 58. Be8 Bb6 59. Bxg6 Rxa4 60. Bxh5 e3 61. fxe3+ Kxe3 62. Bf3 Bc7 63. h5 Ra6 64. Bd5 Bd6 65. h6 Ra7 66. Bg8 Be5 67. h7 Rg7 68. Kh3 Rxg3+ 69. Kh4 Rg2 70. Kh5 f4 71. h8=Q Bxh8 72. Kh4 Bd4 73. Bd5 Rxe2 74. Bf3 Kxf3 75. Kh3 Rg2 76. Kh4 Bf6+ 77. Kh3 Rg8 78. Kh2 Kf2 79. Kh3 f3 80. Kh2 Rh8# 0-1


[Site "https://www.chess.com"]

[Event "Titled Tuesday Blitz February 15 Late 2022"]
[White "Mladenovic, Stefan"]
[Black "Ruiz Aguilar, Pablo Alexander"]
[WhiteFideId "942227"]
[BlackFideId "4401352"]
[WhiteElo "2355"]
[BlackElo "2125"]
[Result "1-0"]
[Round "05"]
[TimeControl "180+1"]
[Date "2022.02.16"]
[WhiteClock "0:00:38"]
[BlackClock "0:00:03"]

1. d4 d5 2. Bf4 Nf6 3. e3 c5 4. Nf3 Nc6 5. Nbd2 Qb6 6. dxc5 Qxb2 7. Rb1 Qxa2 8. Bb5 Bd7 9. c4 Qa5 10. O-O e6 11. cxd5 Nxd5 12. Nc4 Qd8 13. Bd6 Nc3 14. Qc2 Nxb1 15. Rxb1 Be7 16. Bxe7 Kxe7 17. Nd6 Qc7 18. Bxc6 Bxc6 19. Ne5 Rhb8 20. Qxh7 Bd5 21. Qxg7 Rf8 22. Nexf7 Qxc5 23. Qg5+ Kd7 24. Ne4 Qc2 25. Ne5+ Kc7 26. Qe7+ 1-0


[Site "https://www.chess.com"]

[Event "Titled Tuesday Blitz February 15 Late 2022"]
[White "Moroni, Luca Jr"]
[Black "Klukin, Kirill"]
[WhiteFideId "865834"]
[BlackFideId "24199273"]
[WhiteElo "2573"]
[BlackElo "2324"]
[Result "1-0"]
[Round "05"]
[TimeControl "180+1"]
[Date "2022.02.15"]
[WhiteClock "0:00:12"]
[BlackClock "0:00:09"]

1. d4 d5 2. Bf4 Nf6 3. e3 e6 4. Nf3 Bd6 5. Nbd2 b6 6. c3 Bb7 7. Bd3 O-O 8. Ne5 Nbd7 9. Qf3 g6 10. h4 Bxe5 11. dxe5 Nc5 12. Bc2 d4 13. e4 d3 14. exf6 dxc2 15. O-O Qxf6 16. Rac1 e5 17. Be3 Qxh4 18. Bxc5 bxc5 19. Rxc2 Rad8 20. Qe3 c4 21. Re1 Rd3 22. Qxa7 Rfd8 23. Qxb7 Rxd2 24. Rxd2 Rxd2 25. Rf1 Qe7 26. a4 Qd6 27. a5 Rd1 28. g3 c6 29. a6 Rxf1+ 30. Kxf1 Qd3+ 31. Kg1 Qxe4 32. a7 Qe1+ 33. Kg2 Qe4+ 34. Kg1 Qe1+ 35. Kg2 Qe4+ 36. Kh2 Qf3 37. a8=Q+ Kg7 38. Qxc6 Qxf2+ 39. Qg2 Qf6 40. Qaf3 h5 41. Qxf6+ Kxf6 42. Qf1+ Ke6 43. Qxc4+ Kf6 44. Qe2 Ke6 45. Kg2 f5 46. b4 e4 47. b5 1-0


[Site "https://www.chess.com"]

[Event "Titled Tuesday Blitz February 15 Late 2022"]
[White "Novikova, Galina"]
[Black "Suarez Uriel, Adrian"]
[WhiteFideId "4157095"]
[BlackFideId "22230874"]
[WhiteElo "1863"]
[BlackElo "2316"]
[Result "1-0"]
[Round "05"]
[TimeControl "180+1"]
[Date "2022.02.16"]
[WhiteClock "0:00:25"]
[BlackClock "0:01:07"]

1. e4 c5 2. Nf3 Nc6 3. d4 cxd4 4. Nxd4 g6 5. Nc3 Bg7 6. Be3 Nf6 7. Nxc6 bxc6 8. e5 Ng8 9. Bd4 Nh6 10. e6 O-O 11. Bxg7 Kxg7 12. exd7 Qxd7 13. Qxd7 Bxd7 14. O-O-O Be6 15. f3 Nf5 16. Bd3 Ne3 17. Rd2 Rfd8 18. Re1 Nd5 19. Ne4 Bf5 20. Nc5 Bxd3 21. Rxd3 e6 22. a3 Rab8 23. Red1 Re8 24. Rb3 Rxb3 25. Nxb3 h5 26. h4 Kf6 27. Nc5 Kf5 28. g3 e5 29. b4 g5 30. hxg5 Kxg5 31. Ne4+ Kg6 32. c4 Ne3 33. Rd6+ Re6 34. Rxe6+ fxe6 35. c5 Nc4 36. a4 Ne3 37. b5 Nd5 38. bxc6 Kf7 39. Nd6+ Ke7 40. Nb5 a6 41. Na3 Nb4 42. Kd2 Nxc6 43. Nc4 Kf6 44. Ke3 Kf5 45. Nd6+ Kf6 46. Ne4+ Kf5 47. Nd6+ Kf6 48. Ke4 Nd4 49. Ne8+ Ke7 50. Nc7 Nb3 51. Nxa6 Kf6 52. c6 Nd2+ 53. Kd3 Nxf3 54. c7 1-0


[Site "https://www.chess.com"]

[Event "Titled Tuesday Blitz February 15 Late 2022"]
[White "Osmonbekov, Talaibek"]
[Black "Samarth, J Rao"]
[WhiteFideId "2017253"]
[BlackFideId "46652370"]
[WhiteElo "2135"]
[BlackElo "1514"]
[Result "0-1"]
[Round "05"]
[TimeControl "180+1"]
[Date "2022.02.16"]
[WhiteClock "0:00:21"]
[BlackClock "0:00:49"]

1. d4 d5 2. Nc3 Nf6 3. Bf4 e6 4. e3 Bb4 5. Bd3 c5 6. dxc5 Nbd7 7. Ne2 Nxc5 8. a3 Nxd3+ 9. cxd3 Be7 10. Nb5 O-O 11. Nc7 Rb8 12. Nb5 Bd7 13. Bxb8 Qxb8 14. Nbc3 e5 15. O-O Bc6 16. Rc1 Bd6 17. Ng3 g6 18. b4 a6 19. e4 d4 20. Nb1 h5 21. Nd2 h4 22. Ne2 Kg7 23. Nc4 Bc7 24. Qd2 Qe8 25. f4 Ng4 26. h3 Ne3 27. Nxe3 dxe3 28. Qxe3 exf4 29. Nxf4 Qd8 30. d4 Re8 31. e5 Bb6 32. Rfd1 Qg5 33. Kh1 f6 34. e6 Bc7 35. Rf1 Bxf4 36. Qxf4 Qxg2# 0-1


[Site "https://www.chess.com"]

[Event "Titled Tuesday Blitz February 15 Late 2022"]
[White "Ozdemir, Serhan Berat"]
[Black "Jaferian, Koosha"]
[WhiteFideId "6374611"]
[BlackFideId "12507440"]
[WhiteElo "1920"]
[BlackElo "2027"]
[Result "1-0"]
[Round "05"]
[TimeControl "180+1"]
[Date "2022.02.16"]
[WhiteClock "0:02:01"]
[BlackClock "0:01:15"]

1. e4 c6 2. d4 d5 3. exd5 cxd5 4. c4 Nf6 5. Nc3 Nc6 6. Bg5 dxc4 7. Bxc4 Qxd4 8. Qxd4 Nxd4 9. O-O-O e5 10. f4 Bg4 11. Nf3 Bxf3 12. gxf3 Rc8 13. fxe5 Rxc4 14. exf6 Ne2+ 15. Kb1 Nxc3+ 16. bxc3 1-0


[Site "https://www.chess.com"]

[Event "Titled Tuesday Blitz February 15 Late 2022"]
[White "Papp, Petra"]
[Black "Sarkar, Justin"]
[WhiteFideId "739049"]
[BlackFideId "2010011"]
[WhiteElo "2259"]
[BlackElo "2038"]
[Result "1/2-1/2"]
[Round "05"]
[TimeControl "180+1"]
[Date "2022.02.16"]
[WhiteClock "0:00:05"]
[BlackClock "0:00:07"]

1. d4 Nf6 2. Bf4 d5 3. e3 Bf5 4. c4 e6 5. Nc3 c6 6. Qb3 Qb6 7. c5 Qxb3 8. axb3 Be7 9. b4 O-O 10. Nf3 Nh5 11. Be5 Nd7 12. h3 Nhf6 13. Bh2 a6 14. Nd2 Rac8 15. Nb3 Bd8 16. Na5 Bxa5 17. bxa5 Ne8 18. Na4 Nc7 19. Nb6 Nxb6 20. axb6 Nb5 21. Bxb5 cxb5 22. Kd2 Rc6 23. b4 f6 24. g4 Be4 25. Rhg1 e5 26. Rg3 Re8 27. f3 Bg6 28. Rg2 exd4 29. exd4 Ree6 30. Bf4 Be8 31. Re2 Bd7 32. Bd6 Rxe2+ 33. Kxe2 Rc8 34. Kd2 Re8 35. h4 Kf7 36. h5 Bc6 37. Rh1 Re6 38. h6 g6 39. Rf1 Re8 40. Kd3 Re6 41. f4 Re4 42. Bc7 Re7 43. Bd6 Re4 44. Rf2 Re8 45. g5 f5 46. Be5 Re6 47. Bf6 Re4 48. Be5 Ke6 49. Rf1 Kf7 50. Rf2 Ke6 51. Rh2 Kf7 52. Rh1 Ke6 53. Rh5 Kf7 54. Rh4 Ke6 55. Rh2 Kf7 56. Ra2 Ke6 57. Bc7 Kf7 58. Rd2 Ke6 59. Rf2 Kf7 60. Bd6 Ke6 61. Be5 Kf7 62. Re2 Rxe2 63. Kxe2 Ke6 64. Ke3 Kf7 65. Kf3 Ke6 66. Ke3 Kf7 67. Kf3 Ke6 68. Ke3 1/2-1/2


[Site "https://www.chess.com"]

[Event "Titled Tuesday Blitz February 15 Late 2022"]
[White "Peatman, Carter"]
[Black "Kalajzic, Ivan"]
[WhiteFideId "2096480"]
[BlackFideId "14506378"]
[WhiteElo "2385"]
[BlackElo "2163"]
[Result "0-1"]
[Round "05"]
[TimeControl "180+1"]
[Date "2022.02.16"]
[WhiteClock "0:00:23"]
[BlackClock "0:00:48"]

1. d4 Nc6 2. Nf3 d6 3. Bf4 Bg4 4. Bg3 Nf6 5. e3 e5 6. Be2 exd4 7. exd4 g6 8. O-O Bg7 9. c3 O-O 10. h3 Bd7 11. Nbd2 Re8 12. a4 Ne4 13. Bc4 Bf5 14. Re1 d5 15. Bb5 Nxg3 16. fxg3 Bd7 17. Rxe8+ Qxe8 18. Qe2 Qxe2 19. Bxe2 Re8 20. Kf2 f5 21. Ne1 Nd8 22. Nd3 Nf7 23. Nf3 Nd6 24. Nc5 Bc8 25. Bd3 Ne4+ 26. Bxe4 dxe4 27. Ne1 b6 28. Nb3 Be6 29. Nc1 c5 30. dxc5 bxc5 31. Ne2 Rd8 32. Nf4 Bc4 33. Ke3 g5 34. Nh5 Be5 35. g4 Bf7 36. a5 Bxh5 37. gxh5 Bf4+ 38. Kf2 Rd2+ 39. Kf1 Rxb2 40. Rd1 Bg3 41. Rd7 Rb1 42. Ke2 Rxe1+ 43. Kd2 e3+ 44. Kc2 e2 45. Rd8+ Kf7 46. Rd7+ Ke6 47. Rxh7 Rc1+ 48. Kxc1 e1=Q+ 0-1


[Site "https://www.chess.com"]